[Event "Team 45 45 League T24"]
[Site "Internet Chess Club"]
[Date "2004.09.12"]
[Round "1"]
[White "Achilles"]
[Black "dawgfish"]
[Result "0-1"]
[WhiteElo "1328"]
[BlackElo "1320"]
[TimeControl "2700+45"]

1. d4 Nf6 2. Nc3 g6 3. e4 d6 4. f4 Bg7 5. Nf3 O-O 6. Bd3 c5 7. O-O cxd4 8. Nxd4
Bg4 9. Qe1 Qb6 10. Qe3 Nfd7 11. h3 Bxd4 12. Qxd4 Qxd4+ 13. Kh2 Be6 14. f5 Bc4
15. Rf3 Bxd3 16. cxd3 Ne5 17. Rg3 Nxd3 18. Be3 Qe5 19. Rf1 Nxb2 20. h4 Qxc3 21.
h5 Qd3 22. Rf4 Nd7 23. hxg6 fxg6 24. Rh4 Rxf5 25. exf5 Qxf5 26. Rg5 Qf6 27. Rgg4
Qe5+ 28. Rg3 Nd1 29. Bd4 Qe6 30. Rgh3 h5 31. Rg3 Ne5 32. Rxh5 Ng4+ 33. Kh3 Nf6+
34. Kh4 Nxh5 {White resigns} 0-1

[Event "Team 45 45 League T24"]
[Site "Internet Chess Club"]
[Date "2004.09.11"]
[Round "1"]
[White "TheTankDriver"]
[Black "Burning-Bush"]
[Result "1-0"]
[WhiteElo "2233"]
[BlackElo "2188"]
[TimeControl "2700+45"]

1. d4 c5 2. d5 d6 3. c4 Nf6 4. Nc3 e6 5. e4 exd5 6. exd5 Qe7+ 7. Qe2 Na6 8. Bf4
Qxe2+ 9. Bxe2 Bf5 10. O-O-O h6 11. f3 g5 12. Bg3 Kd7 13. h4 g4 14. fxg4 Nxg4 15.
Rf1 Ne3 16. Rf3 h5 17. Bf4 Ng4 18. Bxd6 Kxd6 19. Rxf5 Bh6+ 20. Kb1 Ne3 21. Rxf7
Nxg2 22. Nb5+ Ke5 23. Nf3+ Ke4 24. Ng5+ Bxg5 25. hxg5 Raf8 26. Bf3+ Ke3 27. Rxf8
Rxf8 28. Bxg2 {Black resigns} 1-0

[Event "Team 45 45 League T24"]
[Site "Internet Chess Club"]
[Date "2004.09.12"]
[Round "1"]
[White "ChessAddict"]
[Black "Gregorio"]
[Result "1/2-1/2"]
[WhiteElo "2044"]
[BlackElo "2025"]
[TimeControl "2700+45"]

1. d4 Nf6 2. c4 g6 3. Nc3 d5 4. cxd5 Nxd5 5. e4 Nxc3 6. bxc3 Bg7 7. Be3 c5 8.
Qd2 cxd4 9. cxd4 O-O 10. Nf3 Nc6 11. Rd1 Bg4 12. Be2 Na5 13. Rc1 a6 14. O-O b5
15. Rfd1 Bxf3 16. gxf3 Nb7 17. e5 e6 18. Rc6 Qd5 19. Rdc1 Rfb8 20. Kg2 Rd8 21.
Bd3 Bxe5 22. Be4 Qd7 23. dxe5 Qxd2 24. Bxd2 Rxd2 25. Rc7 Rxa2 26. Rxb7 Rd8 27.
Rcc7 Rf8 28. Ra7 b4 29. Rcb7 a5 30. Rxb4 axb4 31. Rxa2 Kg7 32. Ra8 Rxa8 33. Bxa8
Kh6 34. Kg3 Kg5 35. Be4 b3 36. Bb1 f5 37. f4+ Kh5 38. Bd3 b2 39. Bc2 g5 40. fxg5
Kxg5 41. f4+ Kh5 42. Kh3 Kg6 43. Kh4 Kh6 44. Kh3 Kh5 45. Kg3 Kh6 46. h3 Kh5 47.
Bd3 Kh6 48. Kf3 Kh5 49. Ke3 Kh4 50. Kd2 Kg3 51. Bxf5 Kxf4 52. Bxh7 Kxe5 {Game
drawn by mutual agreement} 1/2-1/2

[Event "Team 45 45 League T24"]
[Site "Internet Chess Club"]
[Date "2004.09.10"]
[Round "1"]
[White "PublisherKing"]
[Black "chickenhead"]
[Result "1/2-1/2"]
[WhiteElo "1951"]
[BlackElo "1900"]
[TimeControl "2700+45"]

1. Nf3 c5 2. d4 cxd4 3. e4 dxe3 4. Bxe3 Nc6 5. Nc3 Nf6 6. Bc4 e6 7. O-O d5 8.
Bb5 Bd6 9. h3 O-O 10. Qd2 Qc7 11. Bg5 Ne4 12. Nxe4 dxe4 13. Rad1 exf3 14. Qxd6
Qxd6 15. Rxd6 fxg2 16. Kxg2 f6 17. Be3 e5 18. f3 Bf5 {Game drawn by mutual
agreement} 1/2-1/2

[Event "Team 45 45 League T24"]
[Site "Internet Chess Club"]
[Date "2004.09.13"]
[Round "1"]
[White "six-killer"]
[Black "Parsnip"]
[Result "1-0"]
[WhiteElo "1808"]
[BlackElo "1697"]
[TimeControl "2700+45"]

1. e4 e6 2. d4 d5 3. Nc3 Nf6 4. Bg5 dxe4 5. Nxe4 Be7 6. Bxf6 Bxf6 7. Nf3 Bd7 8.
Bd3 Bc6 9. c3 Nd7 10. Qc2 O-O 11. O-O-O a6 12. Ned2 g6 13. h4 Re8 14. h5 Nf8 15.
hxg6 hxg6 16. Rh3 Bd5 17. Kb1 c5 18. dxc5 Qc7 19. Ne4 Bxe4 20. Bxe4 Qxc5 21. Nd4
Re7 22. Qe2 Rc8 23. Qf3 Bg7 24. Bxb7 Rb8 25. Nb3 Qb6 26. Be4 a5 27. Qe3 Qb5 28.
Qc5 Qe2 29. Bf3 Qb5 30. Qxe7 a4 31. Qc5 axb3 32. Qxb5 bxa2+ 33. Kxa2 Rxb5 34.
Bc6 Rc5 35. Ba4 Bf6 36. Kb3 Kg7 37. Rhd3 Rc7 38. c4 e5 39. f3 Ne6 40. Kb4 Nc5
41. Rd5 Nxa4 42. Kxa4 Rxc4+ 43. Kb3 Rc8 44. Rd7 Rb8+ 45. Ka3 Ra8+ 46. Kb3 Rb8+
47. Kc2 e4 48. fxe4 Rxb2+ 49. Kd3 Rxg2 50. Re1 Rg3+ 51. Re3 Rxe3+ 52. Kxe3 Bb2
53. Kf4 Bc1+ 54. Ke5 Bb2+ 55. Kd5 g5 56. Rb7 Bc3 57. e5 Kg6 58. Ke4 Bd2 59. Rb6+
Kg7 60. Rb7 Kg6 61. Rb6+ Kg7 62. Kf5 Ba5 63. Rb7 Kg8 64. Kxg5 Bc3 65. Kf6 Bd4
66. Rb8+ Kh7 67. Rf8 Bb2 68. Rxf7+ Kg8 69. Re7 Kf8 70. Rb7 {Black resigns} 1-0

[Event "Team 45 45 League T24"]
[Site "Internet Chess Club"]
[Date "2004.09.12"]
[Round "1"]
[White "A-Ru"]
[Black "JustinSane"]
[Result "0-1"]
[WhiteElo "1990"]
[BlackElo "2261"]
[TimeControl "2700+45"]

1. d4 Nf6 2. Nf3 g6 3. Nc3 d5 4. Bf4 c6 5. e3 Bg7 6. Be2 Bg4 7. Ne5 Bxe2 8. Qxe2
Nbd7 9. O-O-O Nh5 10. g4 Nxf4 11. exf4 Nxe5 12. fxe5 Bh6+ 13. Kb1 e6 14. h4 Qe7
15. g5 Bg7 16. f4 h5 17. gxh6 Rxh6 18. h5 O-O-O 19. hxg6 fxg6 20. Qg4 Rf8 21.
Ne2 Qf7 22. c3 Qf5+ 23. Qxf5 gxf5 24. Rxh6 Bxh6 25. Rh1 Rh8 26. Kc2 Bg7 27.
Rxh8+ Bxh8 28. Ng3 Bg7 29. Nh5 Bf8 30. Kd3 Kd7 31. Nf6+ Ke7 32. Ke3 Kf7 33. Nh5
Kg6 34. Ng3 c5 35. Ne2 c4 36. b3 b5 37. b4 Kh5 38. Kf3 Be7 39. Ng3+ Kh4 40. Ne2
Kh3 41. Ng3 Bh4 42. Nh5 Be1 43. Ng7 Bxc3 44. Nxe6 Bxb4 45. Nc5 c3 46. Ke3 c2 47.
Nb3 Kg4 48. Nc1 Ba3 49. Kd2 Kxf4 50. Nb3 Ke4 51. Kxc2 f4 52. Kd2 a5 53. e6 Kf5
54. Ke2 a4 55. Na5 Kxe6 56. Kf3 Kd7 57. Kxf4 Kc7 58. Ke5 Kb6 59. Kxd5 Kxa5 60.
Kc6 b4 61. d5 b3 {White resigns} 0-1

[Event "Team 45 45 League T24"]
[Site "Internet Chess Club"]
[Date "2004.09.10"]
[Round "1"]
[White "shadow-master"]
[Black "mickeys"]
[Result "1-0"]
[WhiteElo "2203"]
[BlackElo "1893"]
[TimeControl "2700+45"]

1. c4 f5 2. g3 g6 3. Bg2 Nf6 4. Nc3 c6 5. Nf3 Bg7 6. O-O O-O 7. d4 e6 8. d5 exd5
9. cxd5 Qb6 10. d6 Na6 11. a3 Qc5 12. Be3 Qc4 13. Rc1 Qe6 14. b4 Ne8 15. Bf4 h6
16. h4 Rf6 17. Nd4 Qf7 18. Nb3 Qe6 19. b5 Nb8 20. Nd5 Rf7 21. Nc7 Qf6 22. Nxe8
Qd8 23. Nc7 {Black resigns} 1-0

[Event "Team 45 45 League T24"]
[Site "Internet Chess Club"]
[Date "2004.09.14"]
[Round "1"]
[White "jongalt97"]
[Black "nightly"]
[Result "0-1"]
[WhiteElo "1766"]
[BlackElo "2045"]
[TimeControl "2700+45"]

1. d4 d5 2. c4 e6 3. Nf3 Nf6 4. g3 Bb4+ 5. Bd2 Be7 6. Bg2 O-O 7. c5 b6 8. b4 a5
9. cxb6 cxb6 10. bxa5 bxa5 11. O-O Nc6 12. a3 Qb6 13. Bc3 Ne4 14. e3 Ba6 15. Re1
Rfc8 16. Bf1 Bxf1 17. Rxf1 Nxc3 18. Nxc3 Nxd4 19. Qxd4 Qxd4 20. Nxd4 Rxc3 21. a4
Rac8 22. Nb5 R3c4 23. Rfd1 Rb4 24. Rdb1 Rcc4 25. Rxb4 Bxb4 26. Ra2 Kf8 27. Kf1
Ke7 28. Ke2 Kd7 29. Kd3 Rc1 30. Rc2 Rxc2 31. Kxc2 Be1 32. f3 Kc6 33. Kb3 Kc5 34.
Nd4 Bf2 35. Nc2 e5 36. Kc3 d4+ 37. exd4+ exd4+ 38. Kd3 f5 39. g4 g6 40. gxf5
gxf5 41. f4 h6 42. h3 h5 43. Ke2 Be3 44. Nxe3 dxe3 45. Kxe3 Kc4 46. Kd2 Kd4 47.
Ke2 Ke4 48. Kf2 Kxf4 49. Kg2 Ke3 {White resigns} 0-1

[Event "Team 45 45 League T24"]
[Site "Internet Chess Club"]
[Date "2004.09.12"]
[Round "1"]
[White "KirkB"]
[Black "jmoffitt"]
[Result "1-0"]
[WhiteElo "1532"]
[BlackElo "1695"]
[TimeControl "2700+45"]

1. e4 c5 2. Nf3 d6 3. d4 cxd4 4. Qxd4 Nc6 5. Bb5 Bd7 6. Bxc6 Bxc6 7. Nc3 Nf6 8.
Bg5 Nd7 9. O-O-O Qa5 10. h4 b5 11. Kb1 b4 12. Nd5 Rb8 13. Bd2 e5 14. Qc4 Bxd5
15. Qxd5 Rb5 16. Qd3 Nc5 17. Qd5 Qb6 18. Bg5 Ne6 19. Qa8+ Qb8 20. Qc6# {Black
checkmated} 1-0